 Dungeon Crawl Stone Soup version 0.29.1-12-g30fa7ad0bf (webtiles) character file.

Game seed: 13117837678014569725

1194 LustLizard the Slicer (level 8, -5/61 HPs)
             Began as a Merfolk Gladiator on Jan 18, 2023.
             Was a Priest of Uskayaw.
             Slain by an ogre
             ... wielding a +0 giant spiked club
              (15 damage)
             ... on level 6 of the Dungeon.
             The game lasted 00:10:44 (6133 turns).

LustLizard the Slicer (Merfolk Gladiator)           Turns: 6133, Time: 00:10:44

Health: -5/61      AC:  7    Str: 14    XL:     8   Next: 44%
Magic:  0/8        EV: 14    Int:  7    God:    Uskayaw [***...]
Gold:   202        SH:  0    Dex: 18    Spells: 7/7 levels left

rFire   . . .      SeeInvis .   l - +2 dagger (speed)
rCold   . . .      Faith    .   (no shield)
rNeg    . . .      Spirit   .   y - +1 leather armour {rPois}
rPois   +          Reflect  .   c - +0 helmet
rElec   .          Harm     .   i - +0 cloak
rCorr   .          Rampage  .   h - +0 pair of gloves
Will    .....                   (no boots)
Stlth   +++.......              (no amulet)
HPRegen 0.20/turn               (no ring)
MPRegen 0.11/turn               (no ring)

@: no status effects
A: (nimble swimmer 2), mertail
a: Renounce Religion, Stomp, Line Pass


You were on level 6 of the Dungeon.
You worshipped Uskayaw.
Uskayaw was noncommittal.
You visited 2 branches of the dungeon, and saw 7 of its levels.

You collected 262 gold pieces.
You spent 60 gold pieces at shops.

Inventory:

Hand Weapons
 l - a +2 dagger of speed (weapon)
Missiles
 d - 4 throwing nets
 e - a javelin
 f - 13 boomerangs
 u - 19 poisoned darts
Armour
 b - a +0 leather armour
 c - a +0 helmet (worn)
 h - a +0 pair of gloves (worn)
 i - a +0 cloak (worn)
 y - a +1 leather armour of poison resistance (worn)
Wands
 q - a wand of mindburst (6) (quivered)
 w - a wand of acid (7)
Scrolls
 a - a scroll of fear {unknown}
 g - 2 scrolls of vulnerability
 k - 2 scrolls of blinking {unknown}
 n - 2 scrolls of teleportation {unknown}
 o - 2 scrolls of amnesia
 s - a scroll of enchant weapon {unknown}
 v - a scroll of magic mapping
 x - a scroll of enchant armour {unknown}
Potions
 j - a potion of magic
 m - 3 potions of curing
 p - a potion of ambrosia
 r - 2 potions of attraction
 t - a potion of heal wounds


   Skills:
 + Level 4.3 Fighting
 * Level 8.5 Short Blades
 - Level 4.5 Throwing
 + Level 5.5 Dodging
 + Level 4.0 Stealth
 * Level 1.6 Evocations


You had 7 spell levels left.
You didn't know any spells.
Your spell library contained the following spells:

 Spells                   Type           Power      Damage    Failure   Level
 Poisonous Vapours        Pois/Air       0%         N/A       65%         2
 Dazzling Flash           Conj/Hex       0%         N/A       87%         3
 Mephitic Cloud           Conj/Pois/Air  0%         N/A       87%         3
 Corpse Rot               Necr/Pois/Air  0%         N/A       99%         4
 Iskenderun's Mystic Bla  Conj/Tloc      0%         2d3       99%         4
 Lightning Bolt           Conj/Air       0%         1d11      100%        5
 Silence                  Hex/Air        0%         N/A       100%        5
 Summon Forest            Summ/Tloc      0%         N/A       100%        5
 Starburst                Conj/Fire      0%         6d3       100%        6


Dungeon Overview and Level Annotations

Branches:
Dungeon (6/15)             Temple (1/1) D:6

Altars:
Ashenzari
Cheibriados
Dithmenos
Elyvilon
Gozag
Hepliaklqana
Kikubaaqudgha
Makhleb
Okawaru
Trog
Uskayaw
Wu Jian
Xom
Zin

Shops:
D:4 *   D:5 (   D:6 [


Innate Abilities, Weirdness & Mutations

((You are very nimble when in or above water. (Stealth+, EV+, Speed+++)))
Your lower body shifts to a powerful aquatic tail in water.


Message History

The gnoll bouda is lightly wounded.
You hit the gnoll bouda.
The gnoll bouda is moderately wounded.
Your attacks no longer feel as feeble.
You don't have enough magic at the moment.
Okay, then.
You closely miss the gnoll bouda.
The gnoll bouda is moderately wounded.
The gnoll bouda closely misses you. The grasping roots constrict you.
You hit the gnoll bouda.
The gnoll bouda is heavily wounded.
A phantom comes into view.
Aiming: Mindburst
Press: ? - help, Q - select action, (/) - cycle Shift-Dir - straight line, f - gnoll bouda
Aim: a gnoll bouda, wielding a +0 quarterstaff, wearing a +0 leather armour and carrying a wand of roots (6) (heavily wounded, chance to affect: 71%)
The gnoll bouda struggles to resist.
The gnoll bouda hits you with a +0 quarterstaff!
* * * LOW HITPOINT WARNING * * *
The grasping roots constrict you.
* * * LOW HITPOINT WARNING * * *
The grasping roots release their grip on you.
Aiming: Mindburst
Press: ? - help, Q - select action, (/) - cycle Shift-Dir - straight line, f/p - gnoll bouda
Aim: a gnoll bouda, wielding a +0 quarterstaff, wearing a +0 leather armour and carrying a wand of roots (6) (heavily wounded, chance to affect: 71%)
The gnoll bouda struggles to resist.
The gnoll bouda completely misses you. The ogre misses you.
Aiming: Mindburst
Press: ? - help, Q - select action, (/) - cycle Shift-Dir - straight line, f/p - gnoll bouda
Aim: a gnoll bouda, wielding a +0 quarterstaff, wearing a +0 leather armour and carrying a wand of roots (6) (heavily wounded, chance to affect: 71%)
The gnoll bouda's mind is blasted!!
You blow up the gnoll bouda!
Uskayaw will force your foes to share their pain.
Uskayaw links your audience in an emotional bond!
Your Stealth skill increases to level 4!
Okay, then.
Okay, then.
You stomp with the beat, sending a shockwave through the revellers around you!
The ogre is moderately wounded.
The ogre hits you with a +0 giant spiked club!
You die...

###
........##.#.#>....#
...
.....##.#..........#
...
.....##.#.#..#..)...
.~~
.....#..........#...
~..
#...!#.#.#...#...
~~~ #....#.#.#...#
.. ~≈≈
#....#.#.#...# ...
###...O#.#.#.....
...
.'......@.........
.. .#......)..8...8
. #...........#..
#......#.#.##
#......#.W..#
#.........8...
##..........#..
###### ##.# #.


You could see an ogre (pain bonded) and a phantom (pain bonded).

Vanquished Creatures
  A wyvern (D:6)
  A water moccasin (D:5)
  An ice beast (D:5)
  An ogre (D:5)
  A kobold brigand (D:4)
  2 scorpions (D:5)
  A necrophage (D:4)
  2 gnoll boudas
  3 hounds
  2 jellies (D:5)
  3 orc wizards
  An iguana (D:5)
  Robin (D:2)
  5 adders
  6 gnolls (D:6)
  A white imp (D:6)
  2 ufetubi
  A worm (D:4)
  2 dart slugs
  16 orcs
  7 endoplasms
  2 giant cockroaches
  10 goblins
  5 hobgoblins
  5 quokkas
  5 ball pythons
  4 bats
  5 frilled lizards
  4 kobolds
  5 rats
105 creatures vanquished.

Vanquished Creatures (others)
  A plant (D:1)
1 creature vanquished.

Grand Total: 106 creatures vanquished

Notes
Turn   | Place    | Note
-------+----------+-------------------------------------------
     0 | D:1      | LustLizard the Merfolk Gladiator began the quest for the
                  | Orb.
     0 | D:1      | Reached XP level 1. HP: 16/16 MP: 1/1
   178 | D:1      | Found a faded altar of an unknown god.
   217 | D:1      | Reached XP level 2. HP: 21/23 MP: 2/2
   304 | D:1      | Reached skill level 4 in Short Blades
   643 | D:2      | Noticed Robin
   651 | D:2      | Reached skill level 1 in Stealth
   783 | D:2      | Killed Robin
   784 | D:2      | Reached XP level 3. HP: 20/28 MP: 3/3
  1674 | D:3      | Reached XP level 4. HP: 24/34 MP: 4/4
  2344 | D:3      | Found an opulent altar of Gozag.
  2480 | D:3      | Reached skill level 5 in Short Blades
  2865 | D:4      | Reached XP level 5. HP: 11/41 MP: 5/5
  3111 | D:4      | Found a white marble altar of Elyvilon.
  3231 | D:4      | Got the Discursus on Shocking Direction
  3269 | D:4      | Found a shadowy altar of Dithmenos.
  3270 | D:4      | Found a bloodstained altar of Trog.
  3295 | D:4      | Found Akkifuiriyss's General Store.
  3310 | D:4      | Reached skill level 6 in Short Blades
  3318 | D:4      | Bought a potion of heal wounds for 60 gold pieces
  3355 | D:4      | Found an ornate altar of the Wu Jian Council.
  3388 | D:4      | Found a snail-covered altar of Cheibriados.
  3490 | D:4      | Reached XP level 6. HP: 37/47 MP: 6/6
  3850 | D:5      | Entered Level 5 of the Dungeon
  4001 | D:5      | Noticed a water moccasin
  4082 | D:5      | Reached skill level 7 in Short Blades
  4118 | D:5      | Reached XP level 7. HP: 44/52 MP: 7/7
  4357 | D:5      | Found Raetuz's Antique Weapon Boutique.
  4870 | D:5      | Reached skill level 5 in Dodging
  5261 | D:6      | Found a staircase to the Ecumenical Temple.
  5285 | Temple   | Entered the Ecumenical Temple
  5291 | Temple   | Became a worshipper of Uskayaw the Reveller
  5305 | D:6      | Reached * piety under Uskayaw
  5321 | D:6      | Reached ** piety under Uskayaw
  5325 | D:6      | Noticed a wyvern
  5332 | D:6      | Killed a wyvern
  5333 | D:6      | Reached skill level 8 in Short Blades
  5333 | D:6      | Reached XP level 8. HP: 22/60 MP: 3/8
  5622 | D:6      | Found Wyfuful's Armour Shoppe.
  5900 | D:5      | Reached skill level 1 in Evocations
  6109 | D:6      | Reached *** piety under Uskayaw
  6132 | D:6      | Reached **** piety under Uskayaw
  6133 | D:6      | Slain by an ogre

Illustrated notes

Levels and vault maps discovered:
D:1:      roderic_dead_forest, layout_loops_ring,
          shapermc_ecumenical_altar_mp_ritualfount
D:2:      layout_loops_cross, uniq_robin
D:3:      layout_loops_ring, mainiacjoe_overflow_six_doors_small
D:4:      layout_cave_pools, bloody_trog, old_standard_altar,
          nicolae_wu_jian_immortal_techniques,
          mainiacjoe_overflow_catch_the_wave, nicolae_stop_n_shop_1
D:5:      layout_rooms, serial_shops, nicolae_shop_hallway_plus,
          minmay_fountain_box
D:6:      layout_basic, amcnicky_altar_gilded,
          minmay_temple_entry_statues_fountains, serial_shops,
          nicolae_shop_crystal, chequers_serial_rivers_small_3,
          nicolae_shop_dragon_depot, minmay_misc_feat_cross,
          minmay_misc_feat_four_crosses, kennysheep_generic_room_12
Temple:   hellmonk_temple_two_chambers

Skill      XL: |  1  2  3  4  5  6  7  8 |
---------------+-------------------------+-----
Short Blades   | 4 5 6 7 8 |  8.5
Stealth        | 1 2 3 4 |  4.0
Fighting       | 3 4 |  4.3
Throwing       | 3 4 |  4.5
Dodging        | 5 |  5.5
Evocations     | 1 |  1.6

Action                   |  1- 3 |  4- 6 |  7- 9 || total
-------------------------+-------+-------+-------++-------
Melee: Rapier            |    49 |       |       ||    49
       Dagger            |    90 |   242 |   163 ||   495
       Punch             |       |       |     2 ||     2
Throw: Throwing net      |     2 |       |     2 ||     4
       Dart              |       |     2 |     5 ||     7
       Boomerang         |       |       |     2 ||     2
Invok: Line Pass         |       |       |     1 ||     1
       Stomp             |       |       |     3 ||     3
Evoke: Wand              |       |       |     3 ||     3
  Use: Potion            |     1 |     1 |       ||     2
       Scroll            |       |     6 |     1 ||     7
 Stab: Sleeping          |     2 |     2 |     4 ||     8
       Held in net/web   |       |       |     1 ||     1
       Paralysed         |       |       |     1 ||     1
Armor: Leather armour    |    32 |    47 |    14 ||    93
Dodge: Dodged            |    48 |    95 |    52 ||   195
